Map: New Repugnancy LE

Players

LongTimeMe - Winner!

  • Race: Protoss Protoss
  • League: Master
  • Spawn Location: 1:00

Mez

  • Race: Terran Terran
  • League: Master
  • Spawn Location: 7:00

VOD

Have the link to the VOD?

Description

Time

  • Played on: July 31, 2019, 12:51 p.m.
  • Length: 7:01
Show
View Real Time Build Order
Export as new Build Order

LongTimeMe Protoss - Winner!

Build Orders: 1 Gate Expand, Colossus Rush 

Get SALT Encoding   

  12  0:00  Probe  
  13  0:13  Probe  
  14  0:17  Pylon  
  14  0:23  Probe  
  15  0:32  Probe  
  15  0:40  Probe  
  15  0:41  Gateway  
  16  0:48  Assimilator  
  17  0:51  Probe  
  18  1:03  Probe  
  19  1:15  Probe  
  20  1:29  Cybernetics Core  
  21  1:36  Nexus  
  21  1:38  Probe  
  21  1:45  Pylon  
  21  1:50  Probe  
  21  1:52  Assimilator  
  22  1:55  Adept  
  22  2:03  Probe  
  25  2:13  Warp Gate  
  25  2:15  Probe  
  26  2:25  Robotics Facility  
  26  2:27  Probe  
  27  2:30  Adept  
  28  2:39  Probe  
  29  2:45  Probe  
  29  2:47  Probe  
  31  2:53  Probe  
  31  2:55  Probe  
  32  3:03  Probe  
  33  3:05  Probe  
  33  3:06  Adept  
  37  3:13  Pylon  
  37  3:14  Observer  
  37  3:15  Probe  
  37  3:17  Probe  
  37  3:18  Robotics Bay  
  40  3:23  Probe  
  40  3:29  Probe  
  40  3:31  Probe  
  40  3:33  Shield Battery  
  43  3:42  Probe  
  43  3:45  Gateway  
  43  3:47  Probe, Gateway  
  45  3:49  Colossus  
  45  3:54  Probe, Assimilator  
  46  3:58  Assimilator  
  46  3:59  Shield Battery  
  46  4:00  Probe  
  53  4:16  Pylon x2  
  53  4:32  Colossus  
  53  4:37  Stalker  
  48  4:53  Stalker  
  48  4:59  Zealot  
  52  5:02  Probe  
  52  5:03  Probe  
  52  5:12  Stalker  
  54  5:14  Probe  
  54  5:15  Probe  
  54  5:20  Zealot  
  54  5:21  Zealot  
  60  5:23  Warp Prism  
  60  5:26  Probe  
  60  5:27  Probe  
  60  5:28  Gateway  
  64  5:31  Observer  
  64  5:35  Stalker  
  66  5:39  Probe x2  
  66  5:40  Gateway  
  66  5:41  Sentry  
  70  5:46  Pylon  
  70  5:57  Pylon  
  70  6:03  Pylon  
  70  6:04  Probe  
  65  6:26  Stalker x3, Sentry  
  65  6:30  Probe  
  72  6:42  Nexus  
  72  6:44  Stalker, Pylon  
  80  6:49  Stalker x2  
  80  6:52  Sentry x2  
Show
View Real Time Build Order
Export as new Build Order

Mez Terran 

Build Orders: Reaper Expand 

Get SALT Encoding   

  12  0:00  SCV  
  13  0:12  SCV  
  14  0:17  Supply Depot  
  14  0:25  SCV  
  15  0:41  Barracks  
  15  0:44  SCV  
  15  0:47  Refinery  
  16  0:57  SCV  
  17  1:09  SCV  
  18  1:21  SCV  
  19  1:30  Reaper  
  20  1:33  Orbital Command  
  20  1:46  Command Center  
  20  1:56  Barracks  
  20  2:03  Barracks Reactor  
  20  2:08  SCV  
  20  2:12  Barracks  
  21  2:22  Supply Depot  
  21  2:32  SCV  
  22  2:45  SCV, Marine x2, Barracks Tech Lab  
  25  2:57  SCV  
  26  2:59  Orbital Command  
  26  3:03  Marine x2  
  27  3:05  Concussive Shells  
  27  3:06  Marauder  
  27  3:07  Marine  
  27  3:09  SCV  
  31  3:20  Marine  
  31  3:21  SCV, Marine  
  31  3:26  SCV  
  35  3:27  Marine  
  35  3:31  Marauder  
  35  3:33  SCV  
  39  3:35  Supply Depot  
  39  3:38  Marine x2  
  39  3:39  SCV  
  42  3:43  Engineering Bay  
  42  3:45  SCV  
  43  3:48  Marine  
  43  3:51  SCV  
  43  3:53  Stimpack  
  45  4:01  Marine x3  
  45  4:02  SCV  
  49  4:03  SCV  
  49  4:04  Supply Depot  
  50  4:12  Marine  
  50  4:14  SCV  
  50  4:15  SCV  
  49  4:29  SCV x2  
  51  4:34  Marine x4  
  49  4:51  Marine  
  49  5:02  Marine x2  
  49  5:03  SCV x2, Marine  
  49  5:07  Barracks x2  
  44  5:11  Factory  
  42  5:23  SCV  
  42  5:24  Command Center  
  42  5:25  SCV  
  44  5:34  Refinery  
  44  5:37  Marine  
  44  5:38  Marine x2  
  47  5:46  Marauder  
  47  5:48  SCV x2  
  51  5:58  Starport, Factory Reactor  
  51  6:00  SCV x2  
  51  6:02  Refinery  
  53  6:08  Supply Depot  
  53  6:12  SCV x2  
  53  6:13  Barracks Tech Lab  
  53  6:14  Marine x2, Marauder  
  54  6:24  SCV x2  
  55  6:36  SCV x2  
Tags
 
Add a new tag
Caveats
  • Supply blocks, unpowered buildings, or Contaminate may cause inaccurate times.
  • Supply counts are checked every 10 seconds.